Cogmind - Beta 12 @@@ ROGUE MODE // 2023.04.11 @ 00:13:34 Player: Exp. Geonium Core Result: Destroyed by S-43 Plague with Heavy Machine Gun Performance ------------- Evolutions (7) 3500 Regions Visited (29) 5800 Robots Destroyed (291) 1455 Value Destroyed (12629) 12629 Prototype IDs (260) 5200 Alien Tech Used (1) 200 Bonus (7763) 7763 TOTAL SCORE: 36547 Bonus ------- High Alert Combat Kills 1483 Follower Combat Kills 233 Aligned with FarCom 300 Met Data Miner 300 Used Data Conduit 3000 Destroyed Z-Imprinter 1000 Met Zhirov 300 Met Warlord at Base 500 MAIN.C Attacked Warlord 500 Warlord Defense Kills 948 Pursued by Intercept 500 Friendly Fire -1301 Cogmind --------- Core Integrity 0/1300 Matter 300/300 Energy 99/100 System Corruption 6% Temperature Cool (0) Movement Core (50) Location -3/Research Parts ------- > --- POWER (2) -------- (None) > --- PROPULSION (5) --- (None) > --- UTILITY (11) ----- Enhanced Optical Array Experimental Targeting Computer Advanced Target Analyzer > --- WEAPON (3) ------- (None) > --- INVENTORY (5) ---- Quantum Capacitor Makeshift Cloaking Device Transdimensional Reconstructor Peak State ------------ > --- POWER ------------ Vortex Chain Reactor > --- PROPULSION ------- Advanced VSS Leg Enhanced Biometal Leg Enhanced Biometal Leg Assembled Alloy Leg Assembled Alloy Leg > --- UTILITY ---------- Assembled Nanovents High-capacity Storage Unit Assembled Biocell Array Advanced Particle Charger Centrium Light Armor Plating Assembled Alloy Armor Light Regenerative Plating Advanced Shield Generator Makeshift Hacking Suite Ghost Barrier > --- WEAPON ----------- Assembled Focal Cannon RU-N14's Throwing Claymores v3 > --- INVENTORY -------- Zionite Composite Leg I Improved Remote Force Field Advanced Dynamic Insulation System Dimensional Node Initializer Wave Gun Wave Gun Vortex Driver Vortex Driver Hypervelocity Gauss Rifle Helical Railgun RU-N14's Throwing Claymores v3 RU-N14's Throwing Claymores v3 RU-N14's Throwing Claymores v3 RU-N14's Throwing Claymores v3 RU-N14's Throwing Claymores v3 Phasing Sabre Phasing Sabre Self-destruct Interrupter [Rating: 163] Favorites ----------- Power Compact Particle Reactor Engine Improved Ion Engine Power Core Enhanced Nuclear Core Reactor Compact Particle Reactor Propulsion Flexi-carbon Leg Treads Light Treads Leg Flexi-carbon Leg Wheel Armored Huge Wheel Hover Unit Aerolev Unit Utility Huge Storage Unit Device Advanced Shield Generator Storage Huge Storage Unit Processor Improved Melee Analysis Suite Hackware Ghost Barrier Protection Light Regenerative Plating Weapon Assembled Focal Cannon Energy Gun Small Laser Energy Cannon Assembled Focal Cannon Ballistic Gun Minigun Launcher Scatter Rocket Array Special Weapon RU-N14's Throwing Claymores v3 Impact Weapon Heavy Hammer Slashing Weapon Chainsword Piercing Weapon Heavy Pick Build | -11 -10 -10 -9 -9 -9 -8 -8 -7 -7 -7 -7 -6 -6 -6 -6 -6 -6 -5 -5 -5 -5 -5 -4 -4 -4 -4 -4 -3 -3 ------- Run | Jun Mat Min Mat Min Exi Min Mat Fac Low Low Dat Pro Fac Low Low Zio Dee Pro Fac Upp Upp War Pro Fac Upp Upp Zhi Pro Res Slots Evolved 14 | . . . 2 . . . 2 2 . . . . 2 . . . . . 2 . . . . 2 . . . . 2 Power 1 | . . . . . . . . . . . . . . . . . . . 1 . . . . . . . . . . Propulsion 3 | . . . 1 . . . . 2 . . . . . . . . . . . . . . . . . . . . . Utility 9 | . . . 1 . . . 2 . . . . . 2 . . . . . 1 . . . . 2 . . . . 1 Weapon 1 | . . . . . . . . . . . . . . . . . . . . . . . . . . . . . 1 Parts Attached 269 | . 7 2 13 4 . . 16 28 6 . 21 4 8 13 6 6 38 4 4 1 1 14 3 15 12 10 7 1 25 Power 18 | . . . 1 . . . 2 4 . . 1 1 . . . 1 3 . . . . 1 . . 1 1 1 . 1 Engine 3 | . . . 1 . . . . 2 . . . . . . . . . . . . . . . . . . . . . Core 6 | . . . . . . . 2 2 . . 1 . . . . . . . . . . . . . . 1 . . . Reactor 9 | . . . . . . . . . . . . 1 . . . 1 3 . . . . 1 . . 1 . 1 . 1 Propulsion 63 | . 4 2 6 . . . 4 11 1 . 8 . 1 7 . 1 4 . . . . 3 . . 3 1 1 . 6 Treads 30 | . 4 2 6 . . . 4 3 1 . 3 . . 2 . . 1 . . . . . . . . . 1 . 3 Leg 25 | . . . . . . . . . . . 5 . 1 5 . 1 3 . . . . 3 . . 3 1 . . 3 Wheel 6 | . . . . . . . . 6 . . . . . . . . . . . . . . . . . . . . . Hover 2 | . . . . . . . . 2 . . . . . . . . . . . . . . . . . . . . . Flight . | . . . . . . . . . . . . . . . . . . . . . . . . . . . . . . Utility 98 | . 3 . 3 . . . 6 9 1 . 8 2 5 4 2 1 17 4 4 1 . 3 . 5 6 3 2 . 9 Device 30 | . 1 . . . . . . 2 1 . 2 1 1 3 1 . 4 2 1 1 . 1 . 2 3 1 . . 3 Storage 6 | . 1 . 1 . . . . . . . . . . . . . 2 . 1 . . . . . . . 1 . . Processor 16 | . 1 . . . . . 1 3 . . 1 . 1 . . 1 1 . . . . . . 1 2 1 . . 3 Hackware 7 | . . . . . . . . . . . . . 2 . . . . . 1 . . . . 2 . . . . 2 Protection 39 | . . . 2 . . . 5 4 . . 5 1 1 1 1 . 10 2 1 . . 2 . . 1 1 1 . 1 Artifact . | . . . . . . . . . . . . . . . . . . . . . . . . . . . . . . Weapon 90 | . . . 3 4 . . 4 4 4 . 4 1 2 2 4 3 14 . . . 1 7 3 10 2 5 3 1 9 Energy Gun 8 | . . . . . . . 2 . . . . . . . . . 4 . . . . 1 . . . . . . 1 Energy Cannon 9 | . . . 1 1 . . . . . . . . . . . . . . . . . 1 . 1 1 1 1 . 2 Ballistic Gun 12 | . . . 1 1 . . 2 . . . . . . . . . 3 . . . . . 1 . . . 1 . 3 Ballistic Cannon . | . . . . . . . . . . . . . . . . . . . . . . . . . . . . . . Launcher 11 | . . . 1 2 . . . . 1 . . 1 . 1 2 . . . . . 1 1 1 . . . . . . Special Weapon 17 | . . . . . . . . . . . . . . . . . 5 . . . . 1 1 4 1 3 . 1 1 Impact Weapon 3 | . . . . . . . . . . . . . 1 . . . . . . . . . . . . . . . 2 Slashing Weapon 28 | . . . . . . . . 4 3 . 2 . 1 1 2 3 2 . . . . 3 . 5 . 1 1 . . Piercing Weapon 2 | . . . . . . . . . . . 2 . . . . . . . . . . . . . . . . . . Special Melee Weapon . | . . . . . . . . . . . . . . . . . . . . . . . . . . . . . . Unidentified Prototypes 20 | . . . 1 . . . 1 3 . . . . 2 . . . 8 . 1 . . 3 . . . . 1 . . Corrupted Parts 1 | . . . 1 . . . . . . . . . . . . . . . . . . . . . . . . . . System Corruption 4 | . . . 4 . . . . . . . . . . . . . . . . . . . . . . . . . . Parts Lost 90 | . . 4 . 1 . . 5 5 . . 10 1 2 9 . . 7 1 . . 2 . 1 3 10 4 . 1 24 Power 6 | . . . . . . . . 3 . . 1 . . . . . . . . . . . . . . . . . 2 Propulsion 39 | . . 3 . . . . 3 1 . . 5 . 1 7 . . 4 . . . . . . . 3 2 . 1 9 Utility 32 | . . . . . . . 1 1 . . 3 1 . 1 . . 3 1 . . 2 . . 2 7 2 . . 8 Weapon 13 | . . 1 . 1 . . 1 . . . 1 . 1 1 . . . . . . . . 1 1 . . . . 5 Highest Loss Streak 19 | . . 4 . 1 . . 2 2 . . 6 1 1 7 . . 2 1 . . 2 . 1 1 6 3 . 1 19 To Critical Strikes 3 | . . . . . . . . . . . . . . 1 . . . . . . . . . . 1 . . 1 . Average Slot Usage (%) 92 | . 96 87 92 95 77 77 91 91 92 92 95 99 97 97 99 100 90 88 86 88 86 90 91 91 82 88 80 89 92 Engine 1 | . 14 12 8 11 11 11 5 2 . . . . . . . . . . . . . . . . . . . . . Core 1 | . . . . . . . 3 3 7 7 6 5 . . . . . . . . . . . . . 3 1 . . Reactor 3 | . . . . . . . . . . . . 1 6 6 6 6 5 6 5 5 5 4 5 5 . 5 8 10 8 Treads 9 | . 27 26 32 33 33 33 26 16 15 15 18 . . 4 6 6 2 . . . . . . . . . 1 . 5 Leg 18 | . . . . . . . . . . . 10 38 32 27 26 26 28 33 29 29 29 28 29 26 25 24 15 15 15 Wheel 1 | . . . . . . . . 13 15 15 5 . . . . . . . . . . . . . . . . . . Device 8 | . 5 . . . . . . 1 13 15 7 5 . 4 6 6 7 12 11 11 11 15 17 13 15 15 15 15 8 Storage 8 | . 14 10 7 11 11 11 9 7 7 7 7 7 6 6 6 6 6 13 11 11 11 11 11 10 7 5 8 10 5 Processor 10 | . 5 14 11 11 11 11 13 22 16 15 17 15 20 16 13 13 9 . . . . . . . 6 18 15 15 20 Hackware 4 | . . . . . . . . . . . . . 12 13 13 13 3 . 3 5 3 . . 9 . . . . 8 Protection 8 | . . . 11 11 11 11 22 5 . . 4 7 6 4 5 6 10 8 10 11 11 15 17 15 16 3 8 10 4 Energy Gun 2 | . 28 22 . . . . 8 . . . . . . . . . 3 . . . . . . . . . . . 2 Energy Cannon 3 | . . . 9 11 . . . . . . . . . . . . 3 13 11 11 7 5 5 4 2 4 . 5 2 Slashing Weapon 4 | . . . . . . . . 10 15 15 5 7 6 5 11 13 1 . . . . 3 . . 5 1 3 . . Naked Turns . | . . . . . . . . . . . . . . . . . . . . . . . . . . . . . . Heaviest Build 162 | 13 29 28 97 97 90 90 109 110 101 97 105 118 117 103 107 105 130 139 162 126 126 134 124 131 92 92 99 103 107 Greatest Support 144 | 20 46 46 66 66 66 66 66 82 40 40 140 140 140 127 80 80 132 132 132 132 132 144 138 138 120 114 64 64 84 Greatest Overweight (x) 29 | . 1 1 1 1 1 1 2 5 2 2 7 . . 2 1 1 2 1 1 . . 1 . . 29 1 1 1 2 Average Overweight (x) . | . . . . 1 1 1 1 2 2 2 1 . . . 1 1 . . . . . . . . 2 . 1 1 . Largest Inventory Capacity 25 | 8 15 15 25 25 25 25 25 25 25 25 25 25 25 25 25 25 25 25 25 20 20 20 20 20 20 20 20 20 20 Average Capacity 22 | 8 14 12 19 25 25 25 25 25 25 25 25 25 25 25 25 25 21 25 24 20 20 20 20 20 20 20 20 20 19 Most Carried 25 | 6 15 15 10 12 24 24 25 25 25 25 25 25 25 25 25 25 25 22 23 20 20 20 20 20 20 20 20 20 20 Average Carried 20 | 6 10 12 6 11 20 24 23 24 19 24 23 24 24 24 24 24 18 20 20 19 19 19 18 18 16 17 18 19 17 Final Capacity 25 | 8 15 5 25 25 25 25 25 25 25 25 25 25 25 25 25 25 25 25 20 20 20 20 20 20 20 20 20 20 5 Final Carried 25 | 6 15 5 10 12 24 24 25 25 20 25 25 25 25 25 25 25 22 19 20 20 20 19 18 18 17 20 19 20 4 Class Distribution -------------------- 32% | Mutant 26% | Hacker-Mutant 20% | Scavenger-Mutant 8% | Hacker-Golem 6% | Assassin 4% | Golem Dominant Class ---------------- Mutant | -10/Materials Mutant | -10/Mines Mutant | -9/Materials Mutant | -9/Mines Mutant | -9/Exiles Mutant | -8/Mines Mutant | -8/Materials Scavenger-Mutant | -7/Factory Assassin | -7/Lower Caves Assassin | -7/Lower Caves Scavenger-Mutant | -7/Data Miner Scavenger-Mutant | -6/Proximity Caves Hacker-Mutant | -6/Factory Hacker-Mutant | -6/Lower Caves Hacker-Mutant | -6/Lower Caves Hacker-Mutant | -6/Zion Hacker-Mutant | -6/Deep Caves Golem | -5/Proximity Caves Hacker-Golem | -5/Factory Hacker-Golem | -5/Upper Caves Hacker-Golem | -5/Upper Caves Mutant | -5/Warlord Mutant | -4/Proximity Caves Hacker-Mutant | -4/Factory Mutant | -4/Upper Caves Scavenger-Mutant | -4/Upper Caves Scavenger-Mutant | -4/Zhirov Scavenger-Mutant | -3/Proximity Caves Scavenger-Mutant | -3/Research Resources | -11 -10 -10 -9 -9 -9 -8 -8 -7 -7 -7 -7 -6 -6 -6 -6 -6 -6 -5 -5 -5 -5 -5 -4 -4 -4 -4 -4 -3 -3 ----------- Run | Jun Mat Min Mat Min Exi Min Mat Fac Low Low Dat Pro Fac Low Low Zio Dee Pro Fac Upp Upp War Pro Fac Upp Upp Zhi Pro Res Matter Collected 4195 | 200 51 . 210 96 . . 228 279 26 71 222 99 99 180 97 88 368 47 30 20 97 453 36 335 155 94 128 128 358 Remotely . | . . . . . . . . . . . . . . . . . . . . . . . . . . . . . . Salvage Created 10122 | . 371 . 262 155 . . 1026 657 127 52 384 345 422 468 17 68 651 297 361 288 282 339 237 871 862 498 128 158 796 Parts 480 | . 19 . 21 22 . . 55 44 7 1 17 4 31 11 2 1 20 18 12 18 9 11 18 46 25 19 1 11 37 Haulers Intercepted 9 | . 2 . 1 . . . 1 2 . . . 1 . . . . . . 1 . . . . . . . . . 1 Recyclers Shooed 5 | . 3 . . . . . . . . . . . . . . . . . . . . . . . . . . . 2 Parts Field Recycled . | . . . . . . . . . . . . . . . . . . . . . . . . . . . . . . Retrieved Matter . | . . . . . . . . . . . . . . . . . . . . . . . . . . . . . . Parts Self-Destructed 105 | . . . . . . . . . 6 6 . 1 . 11 2 3 . 18 . 18 2 . 11 . 11 8 1 7 . Prevented 8 | . . . . . . . . . . 1 . . . 2 . . . . . . . . . . 2 3 . . . Kills | -11 -10 -10 -9 -9 -9 -8 -8 -7 -7 -7 -7 -6 -6 -6 -6 -6 -6 -5 -5 -5 -5 -5 -4 -4 -4 -4 -4 -3 -3 ------- Run | Jun Mat Min Mat Min Exi Min Mat Fac Low Low Dat Pro Fac Low Low Zio Dee Pro Fac Upp Upp War Pro Fac Upp Upp Zhi Pro Res Combat Hostiles Destroyed 253 | . 2 . 9 10 . . 21 9 4 1 4 5 6 10 3 . 20 4 4 8 13 6 13 29 16 24 . 14 18 Melee 35 | . . . . . . . . 8 2 1 4 1 6 5 . . 1 . . . . . . 1 4 2 . . . Guns 28 | . 2 . . . . . 20 . . . . . . . . . 2 . . . . . . . . . . . 4 Cannons 63 | . . . 3 1 . . . . . . . . . . . . 5 4 4 8 2 3 2 9 4 6 . 3 9 AOE 120 | . . . 6 9 . . . 1 2 . . 4 . 4 3 . 10 . . . 11 3 11 19 8 15 . 11 3 Classes Destroyed 25 | . 7 . 2 1 . . 1 3 2 . . . . . . . 3 1 . . . 2 1 1 1 . . . . Worker 8 | . 1 . . 1 . . 1 2 . . . . 1 . . . . . . . . . . 2 . . . . . Builder 6 | . . . . . . . . 1 . . . . . . . . . . . . . . . 5 . . . . . Tunneler 4 | . . . . . . . . 3 . . . . 1 . . . . . . . . . . . . . . . . Hauler 9 | . 2 . 1 . . . 1 2 . . . 1 . . . . . . 1 . . . . . . . . . 1 Recycler 6 | . 1 . . . . . 1 . . . . . . . . . . . . . . . . 4 . . . . . Mechanic 2 | . 1 . . . . . . . . . . . . . . . . . . . . 1 . . . . . . . Operator 2 | . 1 . . . . . . . . . . . 1 . . . . . . . . . . . . . . . . Drone 3 | . . . . . . . . . . . . . . . . . . . . . . . 2 . . . . 1 . Watcher 4 | . 2 . . . . . 2 . . . . . . . . . . . . . . . . . . . . . . Swarmer 80 | . . . 4 9 . . 7 . 1 . . . . 6 3 . . . . 5 . . 8 9 5 10 . 9 4 Saboteur 1 | . . . . . . . . . . . . . . . . . . . . . . . . 1 . . . . . Grunt 69 | . 2 . 2 . . . 8 6 1 . . 5 1 1 . . . . 4 . 7 3 1 6 7 4 . 3 8 Brawler 7 | . . . . 1 . . . . . . . . . . . . . . . . . . . 1 1 3 . 1 . Duelist 4 | . . . . . . . . . . . . . . . . . . . . . . 1 . 1 . 2 . . . Sentry 17 | . . . 3 . . . 5 2 . . . . 2 . . . . 1 . . . . . 1 . 2 . . 1 Hunter 12 | . . . . . . . 1 . . . . . 2 3 . . . . . 2 2 . 2 . . . . . . Programmer 17 | . . . . . . . . 1 . . . . 1 . . . . 2 . 1 . . . 6 3 . . . 3 Behemoth 4 | . . . . . . . . . . . . . . . . . . 1 . . . . . 1 . . . . 2 Enhanced Grunt 4 | . . . . . . . . . . . 4 . . . . . . . . . . . . . . . . . . Tracker 2 | . . . . . . . . . . . . . . . . . . . . . . . . 2 . . . . . Combat Programmer 1 | . . . . . . . . . . . . . . . . . . . . . . . . 1 . . . . . Executioner 2 | . . . . . . . . . . . . . . . . . . . . . . 2 . . . . . . . Z-Light 11 | . . . . . . . . . . . . . . . . . 11 . . . . . . . . . . . . Decomposer 2 | . . . . . . . . . . 1 . . . . . . . . . . . . . . 1 . . . . Packrat 1 | . . . . . . . . . . . . . . . . . . . . . . . . . 1 . . . . Samaritan 4 | . . . . . . . . . . . . . . . . . . . . . . . . . 2 . . 2 . Master Thief 9 | . . . . . . . . . 1 1 . . . . . . . . . . 4 . . . . 3 . . . Assembled 6 | . . . . . . . . . . . . . . . . . 6 . . . . . . . . . . . . Golem 2 | . . . . . . . . . . . . . . . . . 2 . . . . . . . . . . . . Thug 2 | . . . . . . . . . . . . . . . . . . . . . . . . . 2 . . . . Mutant 2 | . . . . . . . . . 1 . . . . . . . . . . . . . . . 1 . . . . Best Kill Streak 14 | . 5 . 6 5 . . 6 3 2 1 1 6 2 4 3 . 4 2 3 6 9 7 4 8 4 8 . 5 14 Combat Bots Only 13 | . 2 . 6 4 . . 6 3 2 1 1 5 2 4 3 . 4 2 2 6 9 6 4 5 4 8 . 5 13 Max Kills in Single Turn 6 | . 1 . 3 3 . . 1 1 2 1 1 2 1 3 2 . 2 1 1 1 4 4 4 5 3 4 . 6 3 Gunslinging . | . . . . . . . . . . . . . . . . . . . . . . . . . . . . . . Exploded 4 | . . . 3 3 . . . 1 2 . . 2 . 3 2 . 2 . . . 4 2 4 4 2 4 . 4 3 Melee 1 | . . . . . . . . 1 1 1 1 1 1 1 . . 1 . . . . . . 1 1 1 . . . Uniques/NPCs Destroyed 2 | . . . . . . . . . . . 1 . . . . . 1 . . . . . . . . . . . . Data Miner (-7/Data Miner) Z-Imprinter (-6/Deep Caves) Combat | -11 -10 -10 -9 -9 -9 -8 -8 -7 -7 -7 -7 -6 -6 -6 -6 -6 -6 -5 -5 -5 -5 -5 -4 -4 -4 -4 -4 -3 -3 -------- Run | Jun Mat Min Mat Min Exi Min Mat Fac Low Low Dat Pro Fac Low Low Zio Dee Pro Fac Upp Upp War Pro Fac Upp Upp Zhi Pro Res Damage Taken 19364 | . 46 816 490 180 . 20 921 1091 174 21 1749 354 1056 1703 106 . 1497 424 82 134 397 394 333 930 2161 566 . 188 3531 Core 3375 | . . 164 15 15 . 8 63 85 30 . 272 56 239 326 27 . 218 39 . 13 37 55 22 55 225 100 . . 1311 Absorbed by Shields 1405 | . . . . . . . . . . . . . . . . . 77 96 . . 155 141 128 350 10 171 . 69 208 Redirected to Shielding 390 | . . . . . . . . . . . . 68 . . . . 159 . . . . . . . . . . 10 153 Regen/Repaired (Parts) 729 | . . . . . . . . . . . . . 54 153 32 . 195 43 . 36 49 6 91 60 10 . . . . Core Remaining (%) 62 | 100 . 34 . . . 90 88 . . . . 36 . . . . . . . . . . 87 . . . . 66 . Volleys Fired 360 | . 29 2 23 15 . . 15 6 1 . . 4 1 5 4 . 36 11 11 15 19 9 14 46 13 19 . 20 42 Largest 3 | . 2 2 2 1 . . 2 2 1 . . 1 1 1 1 . 2 2 2 2 2 2 2 2 1 1 . 1 3 Hottest 154 | . 90 90 91 68 . . 48 70 39 . . 39 39 39 39 . 110 50 50 50 75 75 75 100 100 75 . 105 154 Shots Fired 579 | . 58 3 33 16 . . 111 10 1 . . 4 1 5 4 . 48 22 22 20 26 10 21 50 13 19 . 17 65 Gun 263 | . 58 3 10 1 . . 111 10 . . . . . . . . 22 . . . . . 4 . . . . . 44 Cannon 196 | . . . 15 10 . . . . . . . . . . . . 6 22 22 20 20 8 12 21 3 7 . 13 17 Launcher 40 | . . . 8 5 . . . . 1 . . 4 1 5 4 . . . . . 6 2 4 . . . . . . Special 80 | . . . . . . . . . . . . . . . . . 20 . . . . . 1 29 10 12 . 4 4 Kinetic 77 | . . . 10 1 . . 20 6 . . . . . . . . 4 . . . . . 4 . . . . . 32 Thermal 328 | . 58 3 15 10 . . 91 . . . . . . . . . 12 22 22 20 20 8 12 10 . . . 13 12 Explosive 120 | . . . 8 5 . . . . 1 . . 4 1 5 4 . 20 . . . 6 2 5 29 10 12 . 4 4 Electromagnetic 23 | . . . . . . . . 4 . . . . . . . . 12 . . . . . . . . 7 . . . Entropic 31 | . . . . . . . . . . . . . . . . . . . . . . . . 11 3 . . . 17 Robot Hit Streak 28 | . 11 2 14 3 . . 28 6 1 . . 2 3 4 3 . 15 15 19 7 3 4 9 9 11 18 . 13 10 Robot Miss Streak 11 | . 3 1 1 4 . . 2 4 . . . 1 . 1 . . 3 1 1 2 11 1 6 1 1 1 . 2 1 Penetration Max 1 | . . . . . . . . . . . . . . . . . . . . . . . . 1 . . . . 1 Secondary Targets . | . . . . . . . . . . . . . . . . . . . . . . . . . . . . . . Autonomous 92 | . . . . . . . 92 . . . . . . . . . . . . . . . . . . . . . . Shots Hit Robots 629 | . 40 2 22 6 . . 99 41 14 5 41 6 32 36 1 1 37 19 14 9 11 7 9 39 37 22 15 11 53 Core Hits 489 | . 17 1 18 10 . . 31 16 6 2 16 17 12 13 5 1 36 5 6 7 59 26 23 57 26 30 1 17 31 Critical Kills 1 | . . . . . . . . . . . . . . . . . . . . . . . . . . . . . 1 Critical Parts Destroyed 3 | . . . . . . . 2 . . . . . . . . . . . . . . . . . . . . . 1 Critical Strikes 55 | . 3 . . . . . 2 3 1 . 3 . 2 3 . . 7 . . . . . . 9 3 4 . . 15 Burn 6 | . 3 . . . . . . . . . . . . . . . . . . . . . . . . . . . 3 Destroy 6 | . . . . . . . 2 . . . . . . . . . 1 . . . . . . . . . . . 3 Corrupt 2 | . . . . . . . . . . . . . . . . . 1 . . . . . . . . 1 . . . Sever 25 | . . . . . . . . 3 1 . 2 . 2 3 . . 5 . . . . . . 3 3 3 . . . Impale 1 | . . . . . . . . . . . 1 . . . . . . . . . . . . . . . . . . Sunder 15 | . . . . . . . . . . . . . . . . . . . . . . . . 6 . . . . 9 Melee Attacks 299 | . . . . . . . . 46 20 8 66 4 42 39 . 2 3 . . . . 2 . 7 28 7 15 . 10 Impact 24 | . . . . . . . . . . . . . 5 9 . . . . . . . . . . . . . . 10 Slashing 221 | . . . . . . . . 46 20 8 12 4 37 30 . 2 3 . . . . 2 . 7 28 7 15 . . Piercing 54 | . . . . . . . . . . . 54 . . . . . . . . . . . . . . . . . . Sneak Attacks 28 | . . . . . . . . 9 . 1 1 . 3 . . . . . . . . . . . 12 2 . . . Combat Hostiles . | . . . . . . . . . . . . . . . . . . . . . . . . . . . . . . Follow-up Attacks 27 | . . . . . . . . 3 3 1 8 . 4 8 . . . . . . . . . . . . . . . Damage Inflicted 46916 | . 543 22 915 555 . . 2784 1827 628 231 1495 871 1550 1953 248 80 3120 1122 673 487 2637 1122 1178 7469 4336 4056 214 2840 3960 Guns 4849 | . 495 22 97 . . . 2706 86 . . . . . . . . 352 . . . . . 29 . . . . . 1062 Cannons 7655 | . . . 305 82 . . . . . . . . . . . . 125 1122 673 487 394 336 431 1739 80 213 . 273 1395 Explosions 21443 | . . . 429 473 . . . . 139 . . 696 52 436 248 . 2010 . . . 2243 786 718 4574 2024 3039 . 2368 1208 Melee 9692 | . . . . . . . . 1741 489 231 1491 175 1498 1517 . 80 68 . . . . . . 80 1699 287 214 . 122 Ramming 246 | . 48 . 84 . . . 78 . . . 4 . . . . . . . . . . . . 19 . . . . 13 Kinetic 1253 | . . . 97 . . . 284 30 . . . . . . . . 5 . . . . . 29 . . . . . 808 Thermal 8003 | . 495 22 305 82 . . 2422 . . . . . . . . . 266 1122 673 487 394 336 431 441 . . . 273 254 Explosive 21443 | . . . 429 473 . . . . 139 . . 696 52 436 248 . 2010 . . . 2243 786 718 4574 2024 3039 . 2368 1208 Electromagnetic 475 | . . . . . . . . 56 . . . . . . . . 206 . . . . . . . . 213 . . . Impact 678 | . . . . . . . . . . . . . 172 384 . . . . . . . . . . . . . . 122 Slashing 10982 | . . . . . . . . 1741 489 231 428 175 1326 1133 . 80 633 . . . . . . 1137 2232 804 214 199 160 Piercing 1063 | . . . . . . . . . . . 1063 . . . . . . . . . . . . . . . . . . Entropic 2773 | . . . . . . . . . . . . . . . . . . . . . . . . 1298 80 . . . 1395 Highest Corruption 24 | . . . 4 4 4 4 1 1 1 1 1 1 1 1 1 1 . 1 . . . . . 3 8 20 20 24 6 Average Corruption 4 | . . . 4 4 4 4 1 1 1 1 1 1 1 1 1 1 . 1 . . . . . 1 5 8 20 23 4 Corruption Purged . | . . . . . . . . . . . . . . . . . . . . . . . . . . . . . . Corruption Blocked . | . . . . . . . . . . . . . . . . . . . . . . . . . . . . . . Effects 182 | . . . 3 15 8 1 4 . 5 4 10 5 1 4 10 1 . 3 . . . . . 2 24 15 15 41 11 Message Errors 44 | . . . 1 3 3 . 2 . 2 . 1 1 . 1 2 . . . . . . . . 1 7 3 2 13 2 Matter Fused 47 | . . . 2 3 1 . 1 . 2 1 4 2 . 2 2 . . . . . . . . . 8 2 5 10 2 Heat Flow Errors 24 | . . . . 4 . . . . . . 2 . . . 1 1 . 2 . . . . . . 1 5 1 5 2 Energy Discharges 24 | . . . . 2 1 1 . . 1 1 2 1 1 . 2 . . . . . . . . . 5 2 2 3 . Parts Rejected 3 | . . . . 1 . . . . . . 1 . . . . . . . . . . . . . . . . . 1 Parts Fused 1 | . . . . . . . . . . . . . . . . . . . . . . . . . . . . 1 . Data Loss (minor) 17 | . . . . 1 1 . . . . 1 . 1 . . 2 . . . . . . . . . 2 1 2 3 3 Data Loss (major) 7 | . . . . . . . . . . . . . . 1 . . . 1 . . . . . 1 . 1 2 . 1 Misfires 2 | . . . . 1 . . 1 . . . . . . . . . . . . . . . . . . . . . . Alerts 10 | . . . . . 2 . . . . 1 . . . . 1 . . . . . . . . . 1 1 1 3 . Weapon Failures 3 | . . . . . . . . . . . . . . . . . . . . . . . . . . . . 3 . Overload Shots . | . . . . . . . . . . . . . . . . . . . . . . . . . . . . . . Overflow Damage 2970 | . . . 4 35 . . . 256 28 79 28 2 161 299 . . 166 34 4 64 36 . 65 719 415 289 . 203 83 Projectiles 860 | . . . . . . . . . . . . . . . . . 46 34 4 64 . . 59 371 55 94 . 52 81 Explosions 983 | . . . . 35 . . . . . . . 2 . 95 . . 120 . . . 36 . 6 315 28 195 . 151 . Melee 1127 | . . . 4 . . . . 256 28 79 28 . 161 204 . . . . . . . . . 33 332 . . . 2 Knockbacks 7 | . . . . . . . . . . . . . . 2 . . . . . . . . . 1 . . . . 4 Impact 6 | . . . . . . . . . . . . . . 2 . . . . . . . . . 1 . . . . 3 Kinetic . | . . . . . . . . . . . . . . . . . . . . . . . . . . . . . . Secondary 1 | . . . . . . . . . . . . . . . . . . . . . . . . . . . . . 1 Self-Inflicted Damage 536 | . . . 16 60 . . . . . . . 63 . . . . . . . . 210 86 100 . . . . . 1 Shots 23 | . . . 1 3 . . . . . . . 1 . . . . . . . . 9 4 5 . . . . . . Rammed 39 | . 14 . 13 . . . 10 . . . 1 . . . . . . . . . . . . . . . . . 1 Targets Rammed 50 | . 15 . 13 . . . 12 . . . 1 . . . . . . . . . . . . 1 . . . . 8 Kicked 8 | . . . . . . . . . . . . . . . . . . . . . . . . 1 . . . . 7 Crushed 3 | . 1 . . . . . 2 . . . . . . . . . . . . . . . . . . . . . . Highest Temperature 368 | . 260 30 210 311 . . 198 85 36 . 245 76 . 14 113 248 117 164 16 . 15 . . 340 129 216 168 236 368 Average Temperature 89 | . 84 21 71 102 . . 118 44 23 . 112 53 . 8 58 129 34 61 10 . 9 . . 172 58 68 88 85 116 Received Heat Transfer 3069 | . 24 . 135 . . . 360 309 149 9 . 147 234 124 . . 364 45 63 . 65 30 6 128 481 38 . 6 352 Siege Activations . | . . . . . . . . . . . . . . . . . . . . . . . . . . . . . . Robots Corrupted 3 | . . . . . . . . . . . . . . . . . 2 . . . . . . . . 1 . . . Combat Hostiles 3 | . . . . . . . . . . . . . . . . . 2 . . . . . . . . 1 . . . Parts Fried 1 | . . . . . . . . . . . . . . . . . . . . . . . . . . 1 . . . Impact Corruptions 8 | . . . 2 . . . . . . . . . 2 3 . . . . . . . . . . . . . . 1 Robots Melted 3 | . 1 . . . . . 1 . . . . . . . . . . . . . . . . . . . . . 1 Combat Hostiles 2 | . . . . . . . 1 . . . . . . . . . . . . . . . . . . . . . 1 Parts Melted 20 | . 2 . 4 1 . . 7 . . 5 . . . . . . . . . . . . . . . . . . 1 Heat Transferred 8048 | . 1499 50 518 148 . . 3034 . . . . . . . . . 260 475 350 225 200 150 150 175 . . . 259 555 Parts Sabotaged . | . . . . . . . . . . . . . . . . . . . . . . . . . . . . . . Parts Stolen 11 | . . . . . . . . . 3 . . . . . . . . . . . 4 . . . 2 2 . . . Parts Stripped . | . . . . . . . . . . . . . . . . . . . . . . . . . . . . . . Power Chain Reactions . | . . . . . . . . . . . . . . . . . . . . . . . . . . . . . . Missiles Intercepted . | . . . . . . . . . . . . . . . . . . . . . . . . . . . . . . Alert | -11 -10 -10 -9 -9 -9 -8 -8 -7 -7 -7 -7 -6 -6 -6 -6 -6 -6 -5 -5 -5 -5 -5 -4 -4 -4 -4 -4 -3 -3 ------- Run | Jun Mat Min Mat Min Exi Min Mat Fac Low Low Dat Pro Fac Low Low Zio Dee Pro Fac Upp Upp War Pro Fac Upp Upp Zhi Pro Res Peak Influence 1510 | . 142 19 298 290 . . 340 196 . . . . 225 . . . . . 140 . . . . 1510 . . . . 965 Initial 957 | . . 19 5 67 . . . 91 . . . . . . . . . . 18 . . . . 331 . . . . 957 Average 262 | . 21 14 129 192 . . 225 91 . . . . 97 . . . . . 25 . . . . 894 . . . . 823 Maximum Alert Level 4 | . . . 1 1 . . 1 . . . . . 1 . . . . . . . . . . 4 . . . . 3 Low Security (%) 66 | 100 100 100 78 73 . 100 41 100 . . . . 90 . . . . . 100 . . . . . . . . . . Level 1 14 | . . . 21 26 . . 58 . . . . . 9 . . . . . . . . . . 5 . . . . . Level 2 4 | . . . . . . . . . . . . . . . . . . . . . . . . 27 . . . . 19 Level 3 11 | . . . . . . . . . . . . . . . . . . . . . . . . 30 . . . . 80 Level 4 3 | . . . . . . . . . . . . . . . . . . . . . . . . 36 . . . . . Level 5 . | . . . . . . . . . . . . . . . . . . . . . . . . . . . . . . High Security . | . . . . . . . . . . . . . . . . . . . . . . . . . . . . . . Max Security . | . . . . . . . . . . . . . . . . . . . . . . . . . . . . . . Squads Dispatched 28 | . 4 . . . . . 4 3 . . . . 3 . . . . . 2 . . . . 9 . . . . 3 Investigation 8 | . 2 . . . . . 1 . . . . . 2 . . . . . 1 . . . . 1 . . . . 1 Extermination 5 | . . . . . . . . 2 . . . . 1 . . . . . . . . . . 1 . . . . 1 Reinforcement 5 | . 2 . . . . . . 1 . . . . . . . . . . 1 . . . . . . . . . 1 Assault 1 | . . . . . . . . . . . . . . . . . . . . . . . . 1 . . . . . Garrison 6 | . . . . . . . 3 . . . . . . . . . . . . . . . . 3 . . . . . Intercept 3 | . . . . . . . . . . . . . . . . . . . . . . . . 3 . . . . . Searches Triggered 2 | . . . . . . . . . . . . . . . . . . . . . . . . . . . . . 2 Construction Impeded . | . . . . . . . . . . . . . . . . . . . . . . . . . . . . . . Haulers Reinforced 2 | . . . . . . . . . . . . . . . . . . . 1 . . . . . . . . . 1 Active Scanning Responses . | . . . . . . . . . . . . . . . . . . . . . . . . . . . . . . Cargo Convoy Interrupts . | . . . . . . . . . . . . . . . . . . . . . . . . . . . . . . Stealth | -11 -10 -10 -9 -9 -9 -8 -8 -7 -7 -7 -7 -6 -6 -6 -6 -6 -6 -5 -5 -5 -5 -5 -4 -4 -4 -4 -4 -3 -3 --------- Run | Jun Mat Min Mat Min Exi Min Mat Fac Low Low Dat Pro Fac Low Low Zio Dee Pro Fac Upp Upp War Pro Fac Upp Upp Zhi Pro Res Distress Signals 3 | . 1 . . . . . . . . . . . . . . . . . . . . 1 . . . . . . 1 Communications Jammed 1 | . . . . . . . . 1 . . . . . . . . . . . . . . . . . . . . . Distress Signals . | . . . . . . . . . . . . . . . . . . . . . . . . . . . . . . Times Spotted 353 | . 11 9 13 12 . 3 27 13 9 4 4 5 11 19 3 . 19 4 9 8 15 19 13 33 22 21 . 18 29 Peak Tracking Total 13 | . 2 8 5 4 . 3 5 5 3 2 1 5 5 6 3 . 3 2 4 5 9 13 4 6 5 7 . 5 9 Tactical Retreats 15 | . . . . . . . . . . . . . 2 9 . . . . . . . 1 . . 1 2 . . . Traps | -11 -10 -10 -9 -9 -9 -8 -8 -7 -7 -7 -7 -6 -6 -6 -6 -6 -6 -5 -5 -5 -5 -5 -4 -4 -4 -4 -4 -3 -3 ------- Run | Jun Mat Min Mat Min Exi Min Mat Fac Low Low Dat Pro Fac Low Low Zio Dee Pro Fac Upp Upp War Pro Fac Upp Upp Zhi Pro Res Traps Triggered 3 | . . . . . . . 1 1 . . . . . . . . . . . . . . . . . . . . 1 Indirectly . | . . . . . . . . . . . . . . . . . . . . . . . . . . . . . . Trap Hack Attempts . | . . . . . . . . . . . . . . . . . . . . . . . . . . . . . . Triggered . | . . . . . . . . . . . . . . . . . . . . . . . . . . . . . . Disarmed . | . . . . . . . . . . . . . . . . . . . . . . . . . . . . . . Reprogrammed . | . . . . . . . . . . . . . . . . . . . . . . . . . . . . . . Reused . | . . . . . . . . . . . . . . . . . . . . . . . . . . . . . . Traps Extracted . | . . . . . . . . . . . . . . . . . . . . . . . . . . . . . . Installed . | . . . . . . . . . . . . . . . . . . . . . . . . . . . . . . Triggered 16 | . . . . . . . . . 2 1 . . . . . . . . . . . 13 . . . . . . . Machines | -11 -10 -10 -9 -9 -9 -8 -8 -7 -7 -7 -7 -6 -6 -6 -6 -6 -6 -5 -5 -5 -5 -5 -4 -4 -4 -4 -4 -3 -3 ---------- Run | Jun Mat Min Mat Min Exi Min Mat Fac Low Low Dat Pro Fac Low Low Zio Dee Pro Fac Upp Upp War Pro Fac Upp Upp Zhi Pro Res Machines Disabled 30 | . . . 2 2 . . 2 . 1 . . 1 . . . . 2 . 1 . . . . 14 1 4 . . . Max in Single Turn 3 | . . . 1 2 . . 1 . 1 . . 1 . . . . 1 . 1 . . . . 3 1 3 . . . Machines Repaired . | . . . . . . . . . . . . . . . . . . . . . . . . . . . . . . Machines Sabotaged . | . . . . . . . . . . . . . . . . . . . . . . . . . . . . . . Overloaded Fab Kills . | . . . . . . . . . . . . . . . . . . . . . . . . . . . . . . Hacking | -11 -10 -10 -9 -9 -9 -8 -8 -7 -7 -7 -7 -6 -6 -6 -6 -6 -6 -5 -5 -5 -5 -5 -4 -4 -4 -4 -4 -3 -3 --------- Run | Jun Mat Min Mat Min Exi Min Mat Fac Low Low Dat Pro Fac Low Low Zio Dee Pro Fac Upp Upp War Pro Fac Upp Upp Zhi Pro Res Machines Accessed 44 | . 6 . 3 . 2 . 2 3 . 1 4 . 5 . . . . . 2 . . 1 . 5 . 1 4 . 5 Terminals 22 | . 4 . 2 . . . 2 2 . . . . 3 . . . . . 2 . . . . 3 . . . . 4 Fabricators 4 | . . . . . . . . 1 . . . . 2 . . . . . . . . . . 1 . . . . . Repair Stations . | . . . . . . . . . . . . . . . . . . . . . . . . . . . . . . Recycling Units 2 | . 2 . . . . . . . . . . . . . . . . . . . . . . . . . . . . Scanalyzers 2 | . . . 1 . . . . . . . . . . . . . . . . . . . . . . . . . 1 Garrison Access 1 | . . . . . . . . . . . . . . . . . . . . . . . . 1 . . . . . Total Hacks 133 | . 11 . 15 . 2 . 4 6 . 1 27 . 18 . . . . . 5 . . 1 . 13 . 1 13 . 16 Successful 82 | . 5 . 10 . 2 . 1 4 . 1 27 . 9 . . . . . . . . 1 . 4 . 1 13 . 4 Failed 51 | . 6 . 5 . . . 3 2 . . . . 9 . . . . . 5 . . . . 9 . . . . 12 Catastrophic 12 | . 2 . 1 . . . . 1 . . . . 2 . . . . . . . . . . 3 . . . . 3 Database Lockouts . | . . . . . . . . . . . . . . . . . . . . . . . . . . . . . . Manual 69 | . 9 . 7 . 1 . 4 6 . . . . 14 . . 5 . . 3 . . 1 . 8 . . . . 11 Terminals 58 | . 6 . 6 . . . 4 5 . . . . 13 . . . . . 5 . . . . 8 . . . . 11 Fabricators 9 | . . . . . . . . 1 . . . . 5 . . . . . . . . . . 3 . . . . . Repair Stations . | . . . . . . . . . . . . . . . . . . . . . . . . . . . . . . Recycling Units 5 | . 5 . . . . . . . . . . . . . . . . . . . . . . . . . . . . Scanalyzers 14 | . . . 9 . . . . . . . . . . . . . . . . . . . . . . . . . 5 Garrison Access 2 | . . . . . . . . . . . . . . . . . . . . . . . . 2 . . . . . Terminal Hacks 54 | . 2 . 2 . 2 . 1 1 . 1 27 . 2 . . . . . . . . 1 . . . 1 13 . 1 Record 17 | . . . . . 1 . . . . . 11 . . . . . . . . . . . . . . . 5 . . Part Schematic 12 | . . . . . . . . . . . 8 . . . . . . . . . . . . . . . 4 . . Robot Schematic 6 | . . . 1 . . . . . . . 5 . . . . . . . . . . . . . . . . . . Robot Analysis 3 | . 1 . 1 . . . 1 . . . . . . . . . . . . . . . . . . . . . . Prototype ID Bank 7 | . . . . . . . . . . . 3 . . . . . . . . . . . . . . . 4 . . Open Door 3 | . . . . . . . . . . 1 . . . . . . . . . . . 1 . . . 1 . . . Branch Access Points 3 | . . . . . . . . 1 . . . . 1 . . . . . . . . . . . . . . . 1 Recall Investigation 2 | . 1 . . . . . . . . . . . 1 . . . . . . . . . . . . . . . . EX-Prototype ID Bank 1 | . . . . . 1 . . . . . . . . . . . . . . . . . . . . . . . . Fabricator Hacks 6 | . . . . . . . . . . . . . 4 . . . . . . . . . . 2 . . . . . Load Schematic 3 | . . . . . . . . . . . . . 2 . . . . . . . . . . 1 . . . . . Build 3 | . . . . . . . . . . . . . 2 . . . . . . . . . . 1 . . . . . Repair Station Hacks . | . . . . . . . . . . . . . . . . . . . . . . . . . . . . . . Recycling Unit Hacks 1 | . 1 . . . . . . . . . . . . . . . . . . . . . . . . . . . . Report Inventory 1 | . 1 . . . . . . . . . . . . . . . . . . . . . . . . . . . . Scanalyzer 11 | . . . 8 . . . . . . . . . . . . . . . . . . . . . . . . . 3 Insert Component 6 | . . . 4 . . . . . . . . . . . . . . . . . . . . . . . . . 2 Analyze 5 | . . . 4 . . . . . . . . . . . . . . . . . . . . . . . . . 1 Garrison Access Hacks . | . . . . . . . . . . . . . . . . . . . . . . . . . . . . . . Unauthorized Hacks 10 | . 2 . . . . . . 3 . . . . 3 . . . . . . . . . . 2 . . . . . Terminals 8 | . . . . . . . . 3 . . . . 3 . . . . . . . . . . 2 . . . . . Track 1 | . . . . . . . . 1 . . . . . . . . . . . . . . . . . . . . . Botnet 4 | . . . . . . . . 1 . . . . 1 . . . . . . . . . . 2 . . . . . Disrupt 2 | . . . . . . . . 1 . . . . 1 . . . . . . . . . . . . . . . . Operators 1 | . . . . . . . . . . . . . 1 . . . . . . . . . . . . . . . . Fabricators . | . . . . . . . . . . . . . . . . . . . . . . . . . . . . . . Repair Stations . | . . . . . . . . . . . . . . . . . . . . . . . . . . . . . . Recycling Units 2 | . 2 . . . . . . . . . . . . . . . . . . . . . . . . . . . . Tunnel 2 | . 2 . . . . . . . . . . . . . . . . . . . . . . . . . . . . Scanalyzers . | . . . . . . . . . . . . . . . . . . . . . . . . . . . . . . Garrison Access . | . . . . . . . . . . . . . . . . . . . . . . . . . . . . . . Data Cores Recovered 1 | . . . . . . . . . . . . . 1 . . . . . . . . . . . . . . . . Used 1 | . . . . . . . . . . . . . 1 . . . . . . . . . . . . . . . . Hacking Detections 30 | . 5 . 3 . . . 2 3 . . . . 5 . . . . . 2 . . . . 5 . . . . 5 Full Trace Events 7 | . . . 1 . . . 1 . . . . . 2 . . . . . 1 . . . . 1 . . . . 1 Feedback Events . | . . . . . . . . . . . . . . . . . . . . . . . . . . . . . . Feedback Blocked 1 | . . . . . . . . . . . . . . . . . . . . . . . . . . . . . 1 Robot Schematics Acquired 9 | . . . 1 . . . . . . . 5 . . . . 3 . . . . . . . . . . . . . Robots Built . | . . . . . . . . . . . . . . . . . . . . . . . . . . . . . . Authchips . | . . . . . . . . . . . . . . . . . . . . . . . . . . . . . . Time . | . . . . . . . . . . . . . . . . . . . . . . . . . . . . . . Total Robot Build Rating . | . . . . . . . . . . . . . . . . . . . . . . . . . . . . . . Part Schematics Acquired 30 | . . . 4 . . . . . . . 8 . . . . 13 . . . . . . . . . . 4 . 1 Parts Built 3 | . . . . . . . . . . . . . 2 . . . . . . . . . . 1 . . . . . Authchips . | . . . . . . . . . . . . . . . . . . . . . . . . . . . . . . Time 456 | . . . . . . . . . . . . . 304 . . . . . . . . . . 152 . . . . . Total Part Build Rating 15 | . . . . . . . . . . . . . 10 . . . . . . . . . . 5 . . . . . Parts Repaired . | . . . . . . . . . . . . . . . . . . . . . . . . . . . . . . Time . | . . . . . . . . . . . . . . . . . . . . . . . . . . . . . . Parts Recycled . | . . . . . . . . . . . . . . . . . . . . . . . . . . . . . . Recycled Matter . | . . . . . . . . . . . . . . . . . . . . . . . . . . . . . . Retrieved Matter . | . . . . . . . . . . . . . . . . . . . . . . . . . . . . . . Retrieved Components . | . . . . . . . . . . . . . . . . . . . . . . . . . . . . . . Parts Scanalyzed 5 | . . . 4 . . . . . . . . . . . . . . . . . . . . . . . . . 1 Part Schematics Acquired 5 | . . . 4 . . . . . . . . . . . . . . . . . . . . . . . . . 1 Parts Damaged . | . . . . . . . . . . . . . . . . . . . . . . . . . . . . . . Bothacking | -11 -10 -10 -9 -9 -9 -8 -8 -7 -7 -7 -7 -6 -6 -6 -6 -6 -6 -5 -5 -5 -5 -5 -4 -4 -4 -4 -4 -3 -3 ------------ Run | Jun Mat Min Mat Min Exi Min Mat Fac Low Low Dat Pro Fac Low Low Zio Dee Pro Fac Upp Upp War Pro Fac Upp Upp Zhi Pro Res Used RIF Installer . | . . . . . . . . . . . . . . . . . . . . . . . . . . . . . . Robots Hacked . | . . . . . . . . . . . . . . . . . . . . . . . . . . . . . . Non-combat . | . . . . . . . . . . . . . . . . . . . . . . . . . . . . . . Combat . | . . . . . . . . . . . . . . . . . . . . . . . . . . . . . . Robot Hacks Applied . | . . . . . . . . . . . . . . . . . . . . . . . . . . . . . . Relay Couplers Released . | . . . . . . . . . . . . . . . . . . . . . . . . . . . . . . Fabnet Peak Effective % . | . . . . . . . . . . . . . . . . . . . . . . . . . . . . . . Robots Rewired 3 | . . . . . . . . . 3 . . . . . . . . . . . . . . . . . . . . Allies Hacked . | . . . . . . . . . . . . . . . . . . . . . . . . . . . . . . Hacks Repelled . | . . . . . . . . . . . . . . . . . . . . . . . . . . . . . . Allies | -11 -10 -10 -9 -9 -9 -8 -8 -7 -7 -7 -7 -6 -6 -6 -6 -6 -6 -5 -5 -5 -5 -5 -4 -4 -4 -4 -4 -3 -3 -------- Run | Jun Mat Min Mat Min Exi Min Mat Fac Low Low Dat Pro Fac Low Low Zio Dee Pro Fac Upp Upp War Pro Fac Upp Upp Zhi Pro Res Total Allies 4 | . . . . 1 . . . . 3 . . . . . . . . . . . . . . . . . . . . Largest Group 3 | . . . . 1 . . . . 3 3 2 . . . . . . . . . . . . . . . . . . Highest-Rated Group 93 | . . . . 31 . . . . 93 93 62 . . . . . . . . . . . . . . . . . . Highest-Rated Ally 31 | . . . . 31 . . . . 31 31 31 . . . . . . . . . . . . . . . . . . Total Orders 1 | . . . . . . . . . . . 1 . . . . . . . . . . . . . . . . . . STAY 1 | . . . . . . . . . . . 1 . . . . . . . . . . . . . . . . . . Ally Attacks 60 | . . . . 13 . . . . 6 39 2 . . . . . . . . . . . . . . . . . . Total Damage 891 | . . . . 213 . . . . 104 545 29 . . . . . . . . . . . . . . . . . . Kills 7 | . . . . 1 . . . . 1 5 . . . . . . . . . . . . . . . . . . . Allies Corrupted . | . . . . . . . . . . . . . . . . . . . . . . . . . . . . . . Allies Melted . | . . . . . . . . . . . . . . . . . . . . . . . . . . . . . . Intel | -11 -10 -10 -9 -9 -9 -8 -8 -7 -7 -7 -7 -6 -6 -6 -6 -6 -6 -5 -5 -5 -5 -5 -4 -4 -4 -4 -4 -3 -3 ------- Run | Jun Mat Min Mat Min Exi Min Mat Fac Low Low Dat Pro Fac Low Low Zio Dee Pro Fac Upp Upp War Pro Fac Upp Upp Zhi Pro Res Robot Analysis Total 134 | . 1 . 1 . . . 1 . . . 131 . . . . . . . . . . . . . . . . . . Derelict Logs Recovered 17 | . . . . . . . . . 2 3 . 2 . 2 2 1 . 1 . 3 1 . . . . . . . . Drone Launches . | . . . . . . . . . . . . . . . . . . . . . . . . . . . . . . Drone Recoveries . | . . . . . . . . . . . . . . . . . . . . . . . . . . . . . . Exploration | -11 -10 -10 -9 -9 -9 -8 -8 -7 -7 -7 -7 -6 -6 -6 -6 -6 -6 -5 -5 -5 -5 -5 -4 -4 -4 -4 -4 -3 -3 ------------- Run | Jun Mat Min Mat Min Exi Min Mat Fac Low Low Dat Pro Fac Low Low Zio Dee Pro Fac Upp Upp War Pro Fac Upp Upp Zhi Pro Res Turns Passed 23928 | 2 1146 74 514 687 523 34 1210 1307 589 685 1068 504 551 1422 1413 1715 1685 724 589 1092 723 983 516 772 965 511 379 781 764 Spaces Moved 12197 | 2 627 54 184 253 216 15 436 784 393 523 182 364 332 487 512 890 827 475 221 836 528 688 400 432 342 357 161 377 299 Core 74 | . . 20 . . . . . . . . . . . . . . . . . . . . . . 16 . . . 38 Treads 1861 | . 601 34 184 253 216 15 436 90 . . 32 . . . . . . . . . . . . . . . . . . Legs 8555 | 2 26 . . . . . . . . . 53 364 332 487 512 890 827 475 221 836 528 688 400 432 326 357 161 377 261 Wheels 1707 | . . . . . . . . 694 393 523 97 . . . . . . . . . . . . . . . . . . Hover . | . . . . . . . . . . . . . . . . . . . . . . . . . . . . . . Flight . | . . . . . . . . . . . . . . . . . . . . . . . . . . . . . . Fastest Speed 50 | 120 120 50 160 240 240 240 235 120 125 125 120 120 120 120 190 190 112 126 126 126 126 118 118 118 95 110 196 196 50 Average Speed 157 | 120 158 121 212 240 240 240 235 135 125 125 143 120 120 176 190 190 148 143 189 126 126 132 118 118 216 120 196 196 178 Slowest Speed 1500 | 120 190 160 240 240 240 240 312 236 125 125 240 120 120 260 190 190 260 198 198 126 126 199 118 118 1500 196 196 196 310 Overloaded Moves . | . . . . . . . . . . . . . . . . . . . . . . . . . . . . . . Propulsion Burnouts . | . . . . . . . . . . . . . . . . . . . . . . . . . . . . . . Robots Hopped . | . . . . . . . . . . . . . . . . . . . . . . . . . . . . . . Cave-ins Triggered 1 | . . . . . . . . . . . . . . . . . . . . . . . . . . 1 . . . Exploration Rate (%) 49 | 2 80 12 27 54 60 8 40 21 54 79 80 49 7 58 55 85 76 66 9 90 61 86 66 13 51 56 61 61 11 Regions Visited 29 Branch Regions 21 Pre-discovered Areas 32 | . 2 . . 1 1 . . . . . 23 . . . 1 1 . . . . . . . . . . 3 . . Known Exits Taken 11 | . . . . . . . 1 1 1 1 . . 1 . . 1 . 1 1 1 . . . 1 . . . 1 . Unknown Exits Taken 18 | 1 1 1 1 1 1 1 . . . . 1 1 . 1 1 . 1 . . . 1 1 1 . 1 1 1 . . Scrap Searched 32 | . . . . 1 . . . . . 4 . 1 . 4 8 1 . 3 . 4 2 . 1 . . 2 . 1 . Spaces Dug 124 | . . . . 25 . . . 6 1 . . . 9 . 57 . . . 2 6 6 2 . 5 . . . . 5 Terrain Destroyed 1601 | . . . 32 42 . . 7 6 8 . . 56 15 51 71 . 157 3 6 10 152 48 175 279 189 185 . 63 46 Melee 28 | . . . . . . . . 6 1 . . . 9 . . . . . . . . 2 . 5 . . . . 5 Projectile 104 | . . . . . . . 7 . . . . . . . . . 7 3 6 10 12 2 9 15 5 1 . 6 21 AOE 1469 | . . . 32 42 . . . . 7 . . 56 6 51 71 . 150 . . . 140 44 166 259 184 184 . 57 20 Terrain Rammed . | . . . . . . . . . . . . . . . . . . . . . . . . . . . . . . Walls Destroyed . | . . . . . . . . . . . . . . . . . . . . . . . . . . . . . . Machines Disabled . | . . . . . . . . . . . . . . . . . . . . . . . . . . . . . . Actions | -11 -10 -10 -9 -9 -9 -8 -8 -7 -7 -7 -7 -6 -6 -6 -6 -6 -6 -5 -5 -5 -5 -5 -4 -4 -4 -4 -4 -3 -3 --------- Run | Jun Mat Min Mat Min Exi Min Mat Fac Low Low Dat Pro Fac Low Low Zio Dee Pro Fac Upp Upp War Pro Fac Upp Upp Zhi Pro Res Total 16012 | 1 719 61 254 318 223 14 592 963 462 544 873 425 418 998 948 915 1240 499 374 855 550 755 417 631 509 407 196 399 452 Wait 2439 | . 18 . 15 44 . . 87 50 6 6 604 30 34 452 420 . 263 4 125 . . 2 . 119 104 6 . 1 49 Move 12167 | 1 626 53 183 252 215 14 435 783 392 522 181 363 331 486 511 889 826 474 220 835 527 687 399 431 341 355 160 376 299 Hop . | . . . . . . . . . . . . . . . . . . . . . . . . . . . . . . Pick Up 213 | . 13 . 6 2 6 . 16 21 . 7 10 10 5 8 3 8 34 1 5 2 3 16 . 9 9 7 5 1 6 Fast Attach 83 | . 5 . 5 2 . . . 13 1 . 6 1 1 4 2 . 18 . . . . 6 . 1 3 4 4 . 7 Attach 94 | . . 1 4 1 . . 10 5 1 . 7 . 4 6 1 1 9 4 3 . . 6 2 8 7 2 3 . 9 Detach 16 | . 1 . . 1 2 . . 2 . . . . . . . . 3 . 3 . . 2 1 . . . . . 1 Swap 93 | . 2 1 4 1 . . 6 10 4 . 8 3 3 3 3 5 11 . 1 1 1 2 1 6 2 4 1 1 9 Drop 188 | . 10 4 1 . . . 11 31 1 2 3 10 2 4 4 10 37 5 6 2 . 23 . 3 2 2 8 . 7 Fire 360 | . 29 2 23 15 . . 15 6 1 . . 4 1 5 4 . 36 11 11 15 19 9 14 46 13 19 . 20 42 Melee 263 | . . . . . . . . 42 16 7 53 4 37 30 . 2 3 . . . . 2 . 7 28 7 15 . 10 Ram 1 | . . . . . . . . . . . . . . . . . . . . . . . . . . . . . 1 Kick 8 | . . . . . . . . . . . . . . . . . . . . . . . . 1 . . . . 7 Crush 41 | . 15 . 13 . . . 12 . . . 1 . . . . . . . . . . . . . . . . . . Escape Stasis 6 | . . . . . . . . . . . . . . . . . . . . . . . . . . 1 . . 5 Rewire 40 | . . . . . . . . . 40 . . . . . . . . . . . . . . . . . . . . Trap . | . . . . . . . . . . . . . . . . . . . . . . . . . . . . . . Miscellaneous . | . . . . . . . . . . . . . . . . . . . . . . . . . . . . . . Route ------- -11/Junkyard -10/Materials (discovered 3 exits: *Mat x2 / [*Min]) -10/Mines -9/Materials -9/Mines -9/Exiles -8/Mines -8/Materials -7/Factory (discovered 4 exits: Sto x2 / *Low x2) -7/Lower Caves -7/Lower Caves (discovered 2 exits: *Fac / *Dat) -7/Data Miner -6/Proximity Caves -6/Factory (discovered 4 exits: Fac x2 / *Low x2) -6/Lower Caves -6/Lower Caves (discovered 2 exits: *Fac / *Zio) -6/Zion (discovered 2 exits: *Dee / [*Pro]) -6/Deep Caves -5/Proximity Caves -5/Factory (discovered 2 exits: *Upp / Ext) -5/Upper Caves -5/Upper Caves (discovered 2 exits: *Fac / *War) -5/Warlord -4/Proximity Caves -4/Factory (discovered 2 exits: Res / *Upp) -4/Upper Caves -4/Upper Caves (discovered 2 exits: *Res / *Zhi) -4/Zhirov -3/Proximity Caves -3/Research (discovered 3 exits: Arm / Tes x2) History --------- Turn | Location | Event 1 | -11/Junkyard | Discovered new exit (range 1) 3 | -11/Junkyard | Entered Materials 305 | -10/Materials | Build established: Mutant 415 | -10/Materials | Discovered new exit (range 8) 942 | -10/Materials | Discovered new exit (range 7) 1098 | -10/Materials | Discovered new exit (range 13) 1149 | -10/Materials | Entered Mines 1178 | -10/Mines | Assembled infested the area 1218 | -10/Mines | Discovered new exit (range 11) 1221 | -10/Mines | Core integrity fell below 50% 1223 | -10/Mines | Entered Materials 1223 | -9/Materials | Evolved 2 slots: Propulsion x1, Utility x1 1251 | -9/Materials | Lost 4 parts (3n1w) 1703 | -9/Materials | Discovered new exit (range 12) 1737 | -9/Materials | Entered Mines 1740 | -9/Mines | Escorted by a lone wolf Derelict 1760 | -9/Mines | Learned location of Storage (-7) 2415 | -9/Mines | Deemed a non-threat by the Exiles lab entrance 2415 | -9/Mines | Discovered new exit (range 5) 2424 | -9/Mines | Entered Exiles 2488 | -9/Exiles | Met 8R-AWN 2529 | -9/Exiles | Met EX-HEX 2592 | -9/Exiles | Met EX-BIN 2623 | -9/Exiles | Aligned with FarCom system 2625 | -9/Exiles | Given EX-Vault access code 2683 | -9/Exiles | Opened EX-Vault 2697 | -9/Exiles | Found XL Autogun Array 2703 | -9/Exiles | Found AWS/Thermal 2709 | -9/Exiles | Found Cloak of Protection 2763 | -9/Exiles | Warned to stay clear of 0b10 Research branches 2783 | -9/Exiles | Exiles lab attacked by MAIN.C 2859 | -9/Exiles | Learned location of Zion (-6) 2928 | -9/Exiles | Discovered new exit (range 10) 2947 | -9/Exiles | Stole three prototypes: Cloak of Protection, AWS/Thermal, XL Autogun Array 2947 | -9/Exiles | Entered Mines 2967 | -8/Mines | Discovered new exit (range 7) 2981 | -8/Mines | Entered Materials 2981 | -8/Materials | Evolved 2 slots: Utility x2 3615 | -8/Materials | Discovered new exit (range 4) 3640 | -8/Materials | Identified exit to Factory 3683 | -8/Materials | Garrison activated, responded to threat 4191 | -8/Materials | Entered Factory 4191 | -7/Factory | Evolved 2 slots: Propulsion x2 4193 | -7/Factory | FarCom data flow suspended 4711 | -7/Factory | Discovered new exit (range 8) 4731 | -7/Factory | Build established: Scavenger-Mutant 4781 | -7/Factory | Identified exit to Lower Caves 5107 | -7/Factory | Identified exit to Storage 5498 | -7/Factory | Entered Lower Caves 5498 | -7/Lower Caves | Spotted VE-T6N(f) 5498 | -7/Lower Caves | Spotted L9-PUJ(f) 5499 | -7/Lower Caves | Encountered a Master Thief 5499 | -7/Lower Caves | Encountered a Master Thief 5499 | -7/Lower Caves | Cloak of Protection stolen by Master Thief 5499 | -7/Lower Caves | XL Autogun Array stolen by Master Thief 5504 | -7/Lower Caves | Spotted K9-PVT(f) 5505 | -7/Lower Caves | Encountered a Master Thief 5511 | -7/Lower Caves | Chainsword stolen by Master Thief 5513 | -7/Lower Caves | Destroyed K9-PVT(f) 5596 | -7/Lower Caves | Build established: Assassin 5668 | -7/Lower Caves | Learned 12 Factory zone layouts 5676 | -7/Lower Caves | Learned Factory trap positions 5788 | -7/Lower Caves | Encountered a Warlord checkpoint 5918 | -7/Lower Caves | Attacked by a delusional Derelict stockpiling Unaware 6063 | -7/Lower Caves | Attracted the attention of an 0b10 checkpoint 6073 | -7/Lower Caves | Discovered new exit (range 10) 6085 | -7/Lower Caves | Identified exit to Lower Caves 6087 | -7/Lower Caves | Entered another Lower Caves area 6087 | -7/Lower Caves | Accompanied by 3 allies 6087 | -7/Lower Caves | Spotted PH-U9L(f) 6088 | -7/Lower Caves | Encountered a Master Thief 6091 | -7/Lower Caves | Spotted QH-091(f) 6091 | -7/Lower Caves | Allies destroyed PH-U9L(f) 6092 | -7/Lower Caves | Encountered a Master Thief 6100 | -7/Lower Caves | Destroyed QH-091(f) 6144 | -7/Lower Caves | Discovered new exit (range 13) 6237 | -7/Lower Caves | Encountered a Warlord checkpoint 6316 | -7/Lower Caves | Learned 8 Factory zone layouts 6667 | -7/Lower Caves | Learned location of 1 exit from Factory 6712 | -7/Lower Caves | Learned 8 Factory zone layouts 6761 | -7/Lower Caves | Discovered new exit (range 8) 6771 | -7/Lower Caves | Identified exit to Data Miner 6772 | -7/Lower Caves | Entered Data Miner 6772 | -7/Data Miner | Accompanied by 2 allies 6772 | -7/Data Miner | Discovered new exit (range 6) 6802 | -7/Data Miner | Met Data Miner 6823 | -7/Data Miner | Learned location of Section 7 (-2) 6823 | -7/Data Miner | Acquired the access code to Warlord's prototype stash 6848 | -7/Data Miner | Received God Mode back door access code from Data Miner 6866 | -7/Data Miner | Destroyed Data Miner 6869 | -7/Data Miner | Interfaced with the Data Conduit 7099 | -7/Data Miner | Build established: Mutant 7237 | -7/Data Miner | Lost 6 parts (1p3n2u) 7500 | -7/Data Miner | Build established: Scavenger-Mutant 7742 | -7/Data Miner | Core integrity fell below 50% 7778 | -7/Data Miner | Lost 3 parts (2n1u) 7802 | -7/Data Miner | Found Prototype Hackware 7804 | -7/Data Miner | Found Prototype Hackware 7806 | -7/Data Miner | Found Prototype Hackware 7840 | -7/Data Miner | Entered Proximity Caves 7867 | -6/Proximity Caves | Found Imp. Powered Armor 8028 | -6/Proximity Caves | Found Alien Artifact 8107 | -6/Proximity Caves | Learned Factory trap positions 8191 | -6/Proximity Caves | Encountered a Derelict guarding a broken Freighter 8338 | -6/Proximity Caves | Discovered new exit (range 6) 8344 | -6/Proximity Caves | Entered Factory 8344 | -6/Factory | Evolved 2 slots: Utility x2 8345 | -6/Factory | Identified exit to Factory 8347 | -6/Factory | Loaded intel: 135 trap records 8348 | -6/Factory | Loaded intel: 283 machine locations 8373 | -6/Factory | Identified Ghost Barrier 8374 | -6/Factory | Identified System Mapper 8376 | -6/Factory | Identified exit to Lower Caves 8591 | -6/Factory | Fabricated Lgt. Regenerative Plating? 8628 | -6/Factory | Fabricated Exp. Targeting Computer? 8667 | -6/Factory | Build established: Hacker-Mutant 8895 | -6/Factory | Entered Lower Caves 9300 | -6/Lower Caves | Core integrity fell below 50% 9349 | -6/Lower Caves | Lost 7 parts (6n1u) 9657 | -6/Lower Caves | Learned Factory garrison access intel 10045 | -6/Lower Caves | Learned Factory terminal intel 10292 | -6/Lower Caves | Discovered new exit (range 15) 10317 | -6/Lower Caves | Entered another Lower Caves area 10385 | -6/Lower Caves | Discovered exit to Factory (range 16) 11299 | -6/Lower Caves | Encountered a Warlord checkpoint 11351 | -6/Lower Caves | Spotted B-75 Beast 11586 | -6/Lower Caves | Discovered new exit (range 16) 11730 | -6/Lower Caves | Entered Zion 11863 | -6/Zion | System corruption cleaned by Quarantine Array 11973 | -6/Zion | Discovered new exit (range 9) 12620 | -6/Zion | Identified exit to Deep Caves 12668 | -6/Zion | Acquired unknown access codes intercepted by a Zionite 13125 | -6/Zion | Found Prototype Special Weapon 13130 | -6/Zion | Found Prototype Special Weapon 13133 | -6/Zion | Found Prototype Special Weapon 13136 | -6/Zion | Found Prototype Special Weapon 13411 | -6/Zion | Opened final containment barrier to the Deep Caves 13439 | -6/Zion | Saw the warning signs outside the Deep Caves entrance 13445 | -6/Zion | Entered Deep Caves 13464 | -6/Deep Caves | Identified RU-N14's Throwing Claymores (x4) 13623 | -6/Deep Caves | Attacked by Z-Imprinter 13638 | -6/Deep Caves | Destroyed Z-Imprinter 13837 | -6/Deep Caves | Z-Facility disabled 13935 | -6/Deep Caves | Core integrity fell below 20% 13959 | -6/Deep Caves | Found Prototype Protection 13959 | -6/Deep Caves | Identified Zio. Heavy Carapace 13965 | -6/Deep Caves | Found Prototype Protection 13965 | -6/Deep Caves | Identified Zio. Weapon Casing 14083 | -6/Deep Caves | Found Zio. Heavy Carapace 14178 | -6/Deep Caves | Found Zio. Weapon Casing 14313 | -6/Deep Caves | Spotted as-71193 14390 | -6/Deep Caves | Destroyed as-71193 14403 | -6/Deep Caves | Found GOLEM Unit 14688 | -6/Deep Caves | Build established: Mutant 15122 | -6/Deep Caves | Discovered new exit (range 6) 15130 | -6/Deep Caves | Entered Proximity Caves 15144 | -5/Proximity Caves | Build established: Golem 15334 | -5/Proximity Caves | Attracted the attention of an 0b10 checkpoint 15351 | -5/Proximity Caves | Learned Factory trap positions 15563 | -5/Proximity Caves | Spotted B-75 Beast 15679 | -5/Proximity Caves | Destroyed B-75 Beast 15836 | -5/Proximity Caves | Discovered exit to Factory (range 9) 15854 | -5/Proximity Caves | Entered Factory 15854 | -5/Factory | Evolved 2 slots: Power x1, Utility x1 15855 | -5/Factory | Identified exit to Upper Caves 15855 | -5/Factory | Identified exit to Extension 15856 | -5/Factory | Loaded intel: 101 trap records 15857 | -5/Factory | Loaded intel: 244 machine locations 15858 | -5/Factory | Loaded intel: 26 terminal locations 15859 | -5/Factory | Loaded intel: 3 garrison access locations 15973 | -5/Factory | Identified Deep Network Scanner 16153 | -5/Factory | Found Scatter Rocket Array 16156 | -5/Factory | Found Scatter Rocket Array 16283 | -5/Factory | Build established: Hacker-Golem 16443 | -5/Factory | Entered Upper Caves 16740 | -5/Upper Caves | Identified exit to Upper Caves 16840 | -5/Upper Caves | Learned 12 Factory zone layouts 16860 | -5/Upper Caves | Spotted B-75 Beast 16956 | -5/Upper Caves | Encountered a Warlord checkpoint 17173 | -5/Upper Caves | Learned Factory security intel 17535 | -5/Upper Caves | Entered another Upper Caves area 17543 | -5/Upper Caves | Learned 12 Factory zone layouts 17558 | -5/Upper Caves | Discovered new exit (range 8) 17900 | -5/Upper Caves | Destroyed 9 combat bots 18016 | -5/Upper Caves | Spotted NE-KG0(f) 18017 | -5/Upper Caves | Encountered a Master Thief 18017 | -5/Upper Caves | Spotted EG-NAA(f) 18018 | -5/Upper Caves | Encountered a Master Thief 18018 | -5/Upper Caves | Spotted UL-M1W(f) 18019 | -5/Upper Caves | Encountered a Master Thief 18019 | -5/Upper Caves | Spotted 9L-UHH(f) 18020 | -5/Upper Caves | Encountered a Master Thief 18020 | -5/Upper Caves | Destroyed 9L-UHH(f) 18023 | -5/Upper Caves | Alien Artifact stolen by Master Thief 18025 | -5/Upper Caves | Destroyed NE-KG0(f) 18029 | -5/Upper Caves | Destroyed EG-NAA(f) 18030 | -5/Upper Caves | Zio. Light DM Reactor stolen by Master Thief 18034 | -5/Upper Caves | Destroyed UL-M1W(f) 18099 | -5/Upper Caves | Discovered new exit (range 8) 18258 | -5/Upper Caves | Entered Warlord 18327 | -5/Warlord | Build established: Mutant 18607 | -5/Warlord | Found Prototype Special Weapon 18607 | -5/Warlord | Identified RU-N14's Throwing Claymores v3 18616 | -5/Warlord | Found RU-N14's Throwing Claymores v3 18618 | -5/Warlord | Found RU-N14's Throwing Claymores v3 18620 | -5/Warlord | Found RU-N14's Throwing Claymores v3 18621 | -5/Warlord | Found RU-N14's Throwing Claymores v3 18623 | -5/Warlord | Found RU-N14's Throwing Claymores v3 18690 | -5/Warlord | Visited the Vortex Lab 18701 | -5/Warlord | Found Prototype Energy Cannon 18701 | -5/Warlord | Identified Vortex Driver 18705 | -5/Warlord | Warlord's base attacked by MAIN.C 18706 | -5/Warlord | Found Vortex Driver 18711 | -5/Warlord | Found Prototype Energy Gun 18711 | -5/Warlord | Identified Vortex Rail 18944 | -5/Warlord | Met Warlord 18966 | -5/Warlord | Opened Warlord's prototype stash 18975 | -5/Warlord | Found Vortex Chain Reactor 18993 | -5/Warlord | Found Ghost Barrier 19055 | -5/Warlord | Warlord forces counterattacked 19145 | -5/Warlord | Spotted Striker 19149 | -5/Warlord | Spotted Executioner 19154 | -5/Warlord | Destroyed Executioner 19156 | -5/Warlord | Spotted Executioner 19169 | -5/Warlord | Destroyed Executioner 19213 | -5/Warlord | Spotted B-86 Titan 19215 | -5/Warlord | Spotted B-75 Beast 19231 | -5/Warlord | Discovered new exit (range 8) 19241 | -5/Warlord | Entered Proximity Caves 19320 | -4/Proximity Caves | Spotter reported a threat 19322 | -4/Proximity Caves | Spotter reported a threat 19697 | -4/Proximity Caves | Discovered new exit (range 2) 19757 | -4/Proximity Caves | Entered Factory 19757 | -4/Factory | Evolved 2 slots: Utility x2 19758 | -4/Factory | Identified exit to Research 19758 | -4/Factory | Identified exit to Upper Caves 19759 | -4/Factory | Loaded intel: 74 trap records 19761 | -4/Factory | Loaded intel: 314 machine locations 19798 | -4/Factory | Garrison activated, responded to threat 19996 | -4/Factory | Spotted B-86 Titan 20023 | -4/Factory | Destroyed B-86 Titan 20065 | -4/Factory | Build established: Hacker-Mutant 20070 | -4/Factory | Fabricated Exp. Targeting Computer (x1) 20257 | -4/Factory | First assault squad dispatched 20433 | -4/Factory | Intercept squad dispatched 20446 | -4/Factory | Spotted Tracker 20446 | -4/Factory | Spotted Tracker 20446 | -4/Factory | Destroyed Tracker 20448 | -4/Factory | Destroyed Tracker 20476 | -4/Factory | Found Exp. Targeting Computer 20498 | -4/Factory | Spotted Combat Programmer 20503 | -4/Factory | Spotted Combat Programmer 20523 | -4/Factory | Destroyed Combat Programmer 20529 | -4/Factory | Entered Upper Caves 20529 | -4/Upper Caves | Spotted W2-8P0(f) 20529 | -4/Upper Caves | Spotted 5U-U8M(f) 20530 | -4/Upper Caves | Encountered a Master Thief 20530 | -4/Upper Caves | Encountered a Master Thief 20530 | -4/Upper Caves | Alien Artifact stolen by Master Thief 20530 | -4/Upper Caves | Vortex Chain Reactor stolen by Master Thief 20769 | -4/Upper Caves | Build established: Mutant 21021 | -4/Upper Caves | Encountered a Warlord checkpoint 21327 | -4/Upper Caves | Discovered new exit (range 6) 21396 | -4/Upper Caves | Attracted the attention of an 0b10 base 21465 | -4/Upper Caves | Lost 6 parts (2n4u) 21494 | -4/Upper Caves | Entered another Upper Caves area 21495 | -4/Upper Caves | Encountered a Warlord checkpoint 21497 | -4/Upper Caves | Discovered exit to Research (range 15) 21595 | -4/Upper Caves | Attracted the attention of an 0b10 checkpoint 21750 | -4/Upper Caves | Build established: Scavenger-Mutant 21836 | -4/Upper Caves | Attracted the attention of an 0b10 outpost 21867 | -4/Upper Caves | Destroyed 8 combat bots 21929 | -4/Upper Caves | Spotted PS-5N9(f) 21930 | -4/Upper Caves | Encountered a Master Thief 21930 | -4/Upper Caves | Spotted R9-DFO(f) 21931 | -4/Upper Caves | Encountered a Master Thief 21931 | -4/Upper Caves | Spotted 2A-4K1(f) 21931 | -4/Upper Caves | Enh. Biometal Leg stolen by Master Thief 21932 | -4/Upper Caves | Encountered a Master Thief 21932 | -4/Upper Caves | Corrupted Imp. Remote Force Field stolen by Master Thief 21932 | -4/Upper Caves | Destroyed 2A-4K1(f) 21935 | -4/Upper Caves | Destroyed PS-5N9(f) 21937 | -4/Upper Caves | Destroyed R9-DFO(f) 21957 | -4/Upper Caves | Discovered new exit (range 13) 21976 | -4/Upper Caves | Crushed by falling debris 21977 | -4/Upper Caves | System corruption reached 10% 22005 | -4/Upper Caves | Entered Zhirov 22006 | -4/Zhirov | Discovered new exit (range 3) 22007 | -4/Zhirov | Lost 3 parts (1n2u) 22042 | -4/Zhirov | Met Zhirov 22091 | -4/Zhirov | Found Alien Artifact 22115 | -4/Zhirov | Found Alien Artifact 22115 | -4/Zhirov | Identified Integrated Reactor 22115 | -4/Zhirov | Installed Integrated Reactor, increased core energy generation (+10) 22314 | -4/Zhirov | Zhirov requested help retrieving the SGEMP Prototype 22384 | -4/Zhirov | Entered Proximity Caves 22527 | -3/Proximity Caves | Spotter reported a threat 22634 | -3/Proximity Caves | Spotter reported a threat 22716 | -3/Proximity Caves | Spotter reported a threat 22734 | -3/Proximity Caves | Spotter reported a threat 22769 | -3/Proximity Caves | Spotter reported a threat 23084 | -3/Proximity Caves | Spotter reported a threat 23147 | -3/Proximity Caves | Discovered exit to Research (range 10) 23165 | -3/Proximity Caves | Entered Research 23165 | -3/Research | Evolved 2 slots: Utility x1, Weapon x1 23166 | -3/Research | Loaded intel: 91 machine locations 23446 | -3/Research | Search patrols dispatched 23620 | -3/Research | Found Quantum Capacitor 23665 | -3/Research | Search patrols dispatched 23785 | -3/Research | Spotted B-86 Titan 23795 | -3/Research | Spotted B-86 Titan 23807 | -3/Research | Destroyed B-86 Titan 23813 | -3/Research | Destroyed B-86 Titan 23894 | -3/Research | Identified exit to Armory 23894 | -3/Research | Identified exit to Testing 23895 | -3/Research | Destroyed 13 combat bots 23912 | -3/Research | Core integrity fell below 50% 23922 | -3/Research | Core integrity fell below 20% 23929 | -3/Research | Destroyed by S-43 Plague with Heavy Machine Gun Last Messages --------------- 23911_ G-67 Veteran knocked back. 23911_ Imp. Target Analyzer destroyed. 23911_ Critical hit (Burn: +50). 23912_ U-05 Engineer builds a Wall. 23914_ Destroyed Adv. Heat Sink. 23914_ G-67 Veteran system corrupted by crushing effect. 23914_ G-67 Veteran knocked back. 23914_ K-01 Serf collects debris. 23915_ G-67 Veteran system terminally corrupted. 23915_ U-05 Engineer builds a Wall. 23918_ K-01 Serf collects debris. 23919_ G-67 Veteran knocked back. 23921_ System corrupted: Hvy. Hammer rejected. 23921_ Exp. Targeting Computer destroyed. 23923_ K-01 Serf collects debris. 23926_ Slammed into K-01 Serf. 23926_ Destabilizing: System interference. 23926_ Exp. Targeting Computer temporarily disabled. 23926_ U-05 Engineer builds a Door. 23927_ K-01 Serf collects debris. Map ----- +----------------------------------------------------+ | ??????????????"?????????????????# ???????????????? | | ????????????????????????????????# ???????????????" | | ????????????????????????????????# #??????????????" | | ????????????????????????????????# #??????????????" | | ????????????????????????????????# #??????????????? | | ???????????????????????????????? +??????????????? | | ????????????????????????????????# #??????????????? | | ????????????????????????????????# #??????????????? | | ????????????????????????????????# #??????????????? | | ????????????????????????????????# #??????????????? | | ????????????????????????###?##??# #??????????????? | | ??????????????????????#######"###"##?????????????? | | ????????????????????### #?########????? | | ????????????????????? + #?# #????? | | ??????????????????????# = #?# #????? | | ??????????????????????# *[ [###% #????? | | ??????????????????????# % [%//+%% #????? | | ??????????????????????# =#%#% #????? | | ??????????????????????# # # #????? | | ??????????????????????# # ######+#????? | | ??????????????????????# # #????# #????? | | ??????????????????????# # #????# #???## | | ???????????? ?????????# [ # ###### ###? | | ?????"" ? ??????# %!%!![#!# " # | | ?????"" ############+######[#### # | | ?????"Y @ s% g%/!* =guk T + | | ?????""R R k u!!*% !### # | | ?????"" % ]] %% #?# # | | ????? % ! !!! #?#######?## | | ????? ### !! ###+#########?????? | | ????????? # ! """"" # #?????? | | ????????? # """" # #?????? | | ???????? ### % """"" # #?????? | | ???????? # %% # #?????? | | ???????? # w # #?????? | | ???????? # ! %# #?????? | | ???????? ################ #? #?????? | | ??????????? ???# # %#?###########?????? | | ???????????????????# # #?????? #???????? | | ???????????????????# # #???? #???????? | | ???????????????????# = # #??""" #???????? | | ???????????????????# # # """ #???????? | | ???????????????????# + + """ #???????? | | ???????????????????# # # #???????? | | ???????????????????# # #?? #???????? | | ???????????????????# = " # #???? #???????? | | ???????????????????# T # #??????####???????? | | ???????????????????# " # #?????????????????? | | ????"""????????????# # #?????????????????? | | ????"""????????????# # #?????????????????? | +----------------------------------------------------+ Best States ------------- Heat Dissipation 70 Energy Generation 70 Energy Capacity 1700 Matter Stores 380 Matter Capacity 600 Sight Range 22 Robot Scan Range 18 Terrain Scan Range 24 Terrain Scan Density 210 Jamming Range 14 Cloak Strength 3 Power Amplification 30 EM Shielding 4 Armor Coverage 1350 Resistance: KI 15 Resistance: TH 15 Resistance: EX 15 Resistance: EM 15 Resistance: I 15 Resistance: S 15 Resistance: P 15 Propulsion Shielding 66 Utility Shielding 90 Weapon Shielding 100 Evasion (%) 55 Targeting Accuracy 24 Melee Accuracy 12 Target Analysis 11 Recoil Reduction 5 Particle Charging 25 Offensive Hacking 25 Defensive Hacking 20 Item Schematics ----------------- Hvy. Assault Rifle | -9/Materials | Scanalyzed Machine Analyzer | -9/Materials | Scanalyzed Structural Scanner | -9/Materials | Scanalyzed Lgt. Armor Plating | -9/Materials | Scanalyzed Combat Drone Bay | -7/Data Miner | Free Lgt. Regenerative Plating | -7/Data Miner | Free Cld. Aerolev Unit | -7/Data Miner | Free Exp. Targeting Computer | -7/Data Miner | Free Arm. Medium Treads | -7/Data Miner | Free Imp. Lightning Gun | -7/Data Miner | Free KE Penetrator | -7/Data Miner | Free Adv. Salvage Targeting Computer | -7/Data Miner | Free Drone Bay | -6/Zion | Archive Mak. Hover Unit | -6/Zion | Archive Imp. Remote Datajack | -6/Zion | Archive Mak. Transmission Jammer | -6/Zion | Archive Tesla Rifle | -6/Zion | Archive Imp. Thermal Generator | -6/Zion | Archive Dispersion Rifle | -6/Zion | Archive Adv. Reaction Control System | -6/Zion | Archive Angular Momentum Engine | -6/Zion | Archive Adv. Signal Interpreter | -6/Zion | Archive Variable Charge Gun | -6/Zion | Archive Hvy. Shock Bomb Launcher | -6/Zion | Archive Imp. Core Shielding | -6/Zion | Archive Assault Drone Bay | -4/Zhirov | Free Exp. Heat Sink | -4/Zhirov | Free Exp. Optical Array | -4/Zhirov | Free Imp. Arc Thrower | -4/Zhirov | Free Helical Railgun | -3/Research | Scanalyzed Robot Schematics ------------------ M-13 Machinist | -9/Materials | Hacked A-15 Conveyor | -7/Data Miner | Free G-47 Trooper | -7/Data Miner | Free B-48 Gladiator | -7/Data Miner | Free S-27 Virus | -7/Data Miner | Free M-22 Extractor | -7/Data Miner | Free R-06 Scavenger | -6/Zion | Archive G-50 Soldier | -6/Zion | Archive X-82 Rainmaker | -6/Zion | Archive Fabricated ------------ Lgt. Regenerative Plating | x1 | -6/Factory Exp. Targeting Computer | x1 | -6/Factory Exp. Targeting Computer | x1 | -4/Factory Alien Tech Used ----------------- Integrated Reactor Achievements -------------- None Challenges ------------ None Game ------ Seed MetafieldDefenseClaws Manual? 0 Play Time 03:02:05 Cumulative 395.0 hours Start 2023.04.10 @ 12:44:13 End 2023.04.11 @ 00:13:34 Sessions 5 Manual Loads 0 Difficulty Rogue Special Mode None Game No. 432 Rogue 432 Adventurer 0 Explorer 0 Win Type - Total 12 Types 8/0/3/1/0/0/0/0/0 Lore% 81 Gallery% 89 Achievement% 79 Wizard Run 0 Options --------- ASCII 0 Keyboard 0 Movement Numpad Keybinds 0 Fullscreen 1 Font 18/Terminus Map View 76x50 Tactical HUD 1 Map Filters NONE Filters NONE Steam 1 RUN: cd2f1639-485b-468b-a152-8c90a7b45e7f